 Dungeon Crawl Stone Soup version 0.24-a0-416-g56ce5178b7 (webtiles) character file.

Game seed: 11953387313580214983

96 Amnesiac the Changer (level 4, -3/29 HPs)
             Began as an Octopode Transmuter on June 9, 2019.
             Shot with an arrow by a centaur (11 damage)
             ... on level 6 of the Dungeon.
             The game lasted 00:06:00 (1032 turns).

Amnesiac the Changer (Octopode Transmuter)          Turns: 1032, Time: 00:06:01

Health: -3/29      AC:  1    Str:  9    XL:     4   Next: 67%
Magic:  7/7        EV: 13    Int: 15    God:
Gold:   34         SH:  0    Dex: 13    Spells: 1/7 levels left

rFire    . . .     SeeInvis .     - Unarmed
rCold    . . .     Gourm    .   (no shield)
rNeg     . . .     Faith    .   (helmet restricted)
rPois    .         Spirit   .   (no amulet)
rElec    .         Reflect  .   (no ring)
rCorr    .         Harm     .   (no ring)
MR       .....                  (no ring)
Stlth    ++........             (no ring)
HPRegen  0.09/turn              (no ring)
MPRegen  0.10/turn              (no ring)
                                (no ring)
                                (no ring)

@: no status effects
A: almost no armour, stealthy swim, amphibious, 8 rings, constrict 8, camouflage
1, gelatinous body 1
a: no special abilities


You were on level 6 of the Dungeon.
You were not hungry.

You visited 1 branch of the dungeon, and saw 6 of its levels.

You collected 34 gold pieces.

Inventory:

Missiles
 a - 17 arrows
Scrolls
 e - 2 scrolls of identify {!r, unknown}
 f - a scroll of remove curse {!r, unknown}
Potions
 g - a potion of heal wounds {!q, unknown}
Comestibles
 b - 4 chunks of flesh
 c - 3 rations


   Skills:
 - Level 2.1 Fighting
 - Level 2.0 Dodging
 + Level 3.6 Unarmed Combat
 - Level 2.0 Spellcasting
 + Level 3.6 Transmutations


You had one spell level left.
You knew the following spells:

 Your Spells              Type           Power        Failure   Level  Hunger
a - Beastly Appendage     Tmut           ##....       4%          1    #......
b - Sticks to Snakes      Tmut           ##......     8%          2    ###....
e - Spider Form           Tmut/Pois      #.........   30%         3    ###....

Your spell library contained the following spells:

 Spells                   Type           Power        Failure   Level  Hunger
 Ice Form                 Ice/Tmut       #.......     71%         4    #####..
 Blade Hands              Tmut           ##........   80%         5    ######.


Dungeon Overview and Level Annotations

Branches:
Dungeon (6/15)
 Temple: D:4-7

Altars:
Yredelemnul

Annotations:
D:6 Blork the orc


Innate Abilities, Weirdness & Mutations

You cannot wear most types of armour.
You are very stealthy in the water. (Stealth+)
You are amphibious.
You can wear up to eight rings at the same time.
You can use your tentacles to constrict eight enemies at once.
Your skin changes colour to match your surroundings (Stealth+).
Your rubbery body absorbs attacks. (AC +1, EV +1)


Message History

You see here a ball python skeleton.
There is a stone staircase leading down here.
You climb downwards.
There is a stone staircase leading up here.
There is an escape hatch in the ceiling here.
There is an escape hatch in the floor here.
You slide downwards.
The hatch slams shut behind you. 2 orcs and an orc wizard come into view.
The orc shouts!
Found a yellow potion and 16 stones.
Found a stone staircase leading down.
An orc priest comes into view. It is wielding a +0 flail.
Found a scroll labeled UCOERYZXICH.
Found a robe.
Found 10 gold pieces.
There is a stone staircase leading down here.
The orc closely misses you.
You climb downwards.
Found 2 rations and 11 gold pieces.
Found a stone staircase leading up.
There is a stone staircase leading up here.
You tentacle-slap the orc but do no damage.
You grab the orc. You constrict the orc. The orc barely misses you.
You tentacle-slap the orc but do no damage.
The orc is lightly wounded.
You constrict the orc. The orc hits you.
You tentacle-slap the orc. You squeeze the orc, but do no damage.
The orc is severely wounded.
You constrict the orc. The orc hits you.
You tentacle-slap the orc but do no damage.
The orc is almost dead.
You constrict the orc, but do no damage.
The orc hits you.
You bludgeon the orc!
You kill the orc!
You are feeling hungry.
c - 2 rations (gained 1)
You see here a +0 ring mail.
There isn't anything to butcher here.
Found 9 gold pieces.
Found a stone staircase leading down.
c - 3 rations (gained 1) Eating one of 5 chunks of flesh.
You eat one of the 5 chunks of flesh.
This raw flesh tastes terrible.
You see here a +0 ring mail.
A centaur comes into view.
Found a stone staircase leading down.
The centaur shouts!
The centaur wields a +0 shortbow.
The centaur shoots an arrow.
The arrow hits you!
* * * LOW HITPOINT WARNING * * *
Things that are here:
an arrow; 11 gold pieces The centaur shoots an arrow.
The arrow misses you.
Casting: Sticks to Snakes (safe; 8% risk of failure)
Confirm with . or Enter, or press ? or * to list all spells.
Okay, then.
You now have 34 gold pieces (gained 9).
Blork the orc comes into view.
He is wielding a +0 flail.
The centaur shoots an arrow.
The arrow hits you.
* * * LOW HITPOINT WARNING * * *
The centaur shoots an arrow.
The arrow barely misses you.
Found a ration.
There is a stone staircase leading down, spattered with blood here.
You see here 2 arrows.
The centaur shoots an arrow.
The arrow hits you!
You die...

.%# #..# #..# #..#
#.. ##.#####.
#........###
######@.#####...
.............#.##
#######.###c....##
#o##.[.....##
####.##.<......#
>c.....(.........
................#
.###.#.....<....#
#..##.......##


You could see Blork the orc and a centaur.

Vanquished Creatures
  A bullfrog skeleton (D:4)
  A worker ant (D:4)
  An adder (D:3)
  An ooze (D:3)
  2 worms (D:3)
  A leopard gecko (D:1)
  An orc (D:6)
  A bat (D:1)
  A giant cockroach (D:3)
  A goblin (D:3)
  3 hobgoblins (D:1)
  3 jackals
  2 kobolds (D:1)
  A quokka (D:4)
  A ball python (D:3)
  A frilled lizard (D:1)
  2 rats (D:1)
24 creatures vanquished.

Vanquished Creatures (collateral kills)
  An ooze (D:3)
1 creature vanquished.

Grand Total: 25 creatures vanquished

Notes
Turn   | Place    | Note
-------+----------+-------------------------------------------
     0 | D:1      | Amnesiac the Octopode Transmuter began the quest for the
                  | Orb.
     0 | D:1      | Reached XP level 1. HP: 13/13 MP: 3/3
   202 | D:1      | Reached XP level 2. HP: 12/18 MP: 5/5
   254 | D:1      | Learned a level 2 spell: Sticks to Snakes
   637 | D:3      | Reached XP level 3. HP: 19/23 MP: 6/6
   642 | D:3      | Learned a level 3 spell: Spider Form
   655 | D:3      | Found a basalt altar of Yredelemnul.
   839 | D:4      | Reached XP level 4. HP: 16/29 MP: 7/7
   997 | D:5      | Entered Level 5 of the Dungeon
  1008 | D:6      | Identified a paperback manual
  1022 | D:6      | Noticed a centaur
  1030 | D:6      | Noticed Blork the orc
  1032 | D:6      | Shot with an arrow by a centaur

Levels and vault maps discovered:
D:1:      dpeg_arrival_shelter, layout_basic, minivault_26,
          minmay_misc_feat_roman
D:2:      layout_rooms, old_standard_altar, first_ration,
          kennysheep_big_empty_room, nemelex_altar_shiori, uniq_jessica
D:3:      layout_loops_corners, overflow_temple_1_default, uniq_terence
D:4:      layout_basic, nicolae_dithmenos_through_a_glass_darkly,
          kennysheep_vampire_church, serial_shops, shop
D:5:      layout_basic, vehumet_statue, kb_lookout_dungeons_type, uniq_sigmund,
          uniq_duvessa
D:6:      layout_loops_ring, dancing_weapons_uskayaw, serial_shops,
          nicolae_shop_waterfront, ebering_dispersal_statue_hall,
          kennysheep_small_circle, uniq_blork_the_orc

Skill      XL: |  1  2  3  4 |
---------------+-------------+-----
Transmutations | 3 |  3.6
Fighting       | 2 |  2.1
Dodging        | |  2.0
Unarmed Combat | |  3.6
Spellcasting   | |  2.0

Action                   |  1- 3 |  4- 6 || total
-------------------------+-------+-------++-------
Melee: Unarmed           |    61 |    13 ||    74
       Constrict         |    17 |     2 ||    19
       Tentacles         |    13 |     2 ||    15
       Punch             |       |     1 ||     1
 Cast: Sticks to Snakes  |     2 |       ||     2
  Use: Potion            |     1 |       ||     1
 Stab: Sleeping          |     7 |     3 ||    10
  Eat: Chunk             |       |     1 ||     1
Armor: Skin              |     4 |       ||     4
Dodge: Dodged            |    49 |     8 ||    57

Table legend:
 A = Non-vault XP
 B = Vault XP
 C = Vault XP percentage of total XP
 D = Non-vault monster count
 E = Vault monster count
 F = Vault count percentage of total count
                 A         B        C        D         E       F
            +---------+---------+-------+---------+---------+-------
      Total |     138 |       0 |   0.0 |      25 |       0 |   0.0
            +---------+---------+-------+---------+---------+-------
        D:1 |      21 |       0 |   0.0 |      12 |       0 |   0.0
        D:2 |       2 |       0 |   0.0 |       1 |       0 |   0.0
        D:3 |      39 |       0 |   0.0 |       8 |       0 |   0.0
        D:4 |      73 |       0 |   0.0 |       3 |       0 |   0.0
        D:6 |       3 |       0 |   0.0 |       1 |       0 |   0.0
            +---------+---------+-------+---------+---------+-------
